 Dungeon Crawl Stone Soup version 0.24.1-4-ge52af88ad5 (webtiles) character file.

Game seed: 13559261657756192121, levelgen mode: deterministic

71512 Jabberih the Brawler (level 14, -6/128 HPs)
             Began as a Troll Hunter on Apr 20, 2020.
             Was the Champion of Okawaru.
             Killed from afar by an orc wizard (7 damage)
             ... with a magic dart
             ... while paralysed by an orc sorcerer
             ... on level 2 of the Orcish Mines on Apr 21, 2020.
             The game lasted 01:16:37 (19370 turns).

Jabberih the Brawler (Troll Hunter)                Turns: 19370, Time: 01:16:37

Health: -6/128     AC:  9    Str: 26    XL:     14   Next: 98%
Magic:  13/13      EV:  1    Int: 11    God:    Okawaru [******]
Gold:   2792       SH:  0    Dex: 10    Spells: 12/13 levels left

rFire    + . .     SeeInvis .     - Unarmed
rCold    . . .     Gourm    +   C - +0 shield
rNeg     . . .     Faith    .   a - +0 troll leather armour
rPois    .         Spirit   .   W - +1 hat "Moicamoc" {Str+3}
rElec    .         Reflect  .   Z - scarf {cloud immunity}
rCorr    .         Harm     .   (gloves unavailable)
MR       +....                  (boots unavailable)
Stlth    +.........             N - amulet of regeneration
HPRegen  1.51/turn              p - ring of protection from fire
MPRegen  0.13/turn              J - ring of flight

@: paralysed
A: large, unfitting armour, claws 3, fast metabolism 3, gourmand, regeneration
1, shaggy fur 1, tough skin 3
a: Heroism, Finesse, Renounce Religion, Evoke Flight


You were on level 2 of the Orcish Mines.
You worshipped Okawaru.
Okawaru was exalted by your worship.
You were completely stuffed.

You visited 4 branches of the dungeon, and saw 20 of its levels.
You also visited: Ossuary, Gauntlet and Volcano.

You collected 2792 gold pieces.

Inventory:

Missiles
 c - 15 large rocks
 d - 4 throwing nets
 g - 16 poisoned darts
 h - 7 atropa-tipped darts
 t - 4 curare-tipped darts
 y - 22 boomerangs (quivered)
 D - 27 silver javelins
Armour
 a - a +0 troll leather armour (worn)
 C - a +0 shield (worn)
 T - a +0 cloak of fire resistance
 W - the +1 hat "Moicamoc" (worn) {Str+3}
   (Okawaru gifted it to you on level 6 of the Lair of Beasts)

   It affects your strength (+3).
 Z - a scarf of cloud immunity (worn)
Jewellery
 i - an uncursed ring of ice
 p - a ring of protection from fire (left claw)
 A - an uncursed ring of magical power
 B - an uncursed ring of protection from magic
 G - an uncursed ring of protection from cold
 I - an uncursed ring of wizardry
 J - a ring of flight (right claw)
 N - an amulet of regeneration (around neck)
 Q - an uncursed amulet of magic regeneration
 R - an uncursed ring of positive energy
Wands
 b - a wand of clouds (5)
 x - a wand of flame (29)
 F - a wand of polymorph (11)
 O - a wand of random effects (12)
 S - a wand of disintegration (29)
 V - a wand of paralysis (3)
Scrolls
 o - 2 scrolls of enchant weapon
 z - 6 scrolls of remove curse
 K - 3 scrolls of identify
 L - a scroll of teleportation
 P - a scroll of amnesia
Potions
 e - a potion of heal wounds
 j - a potion of cancellation
 k - a potion of ambrosia
 l - 2 potions of brilliance
 m - 3 potions of agility
 n - 4 potions of resistance
 q - 9 potions of curing
 r - 4 potions of flight
 s - 3 potions of might
 u - 2 potions of invisibility
 v - 3 potions of mutation
 w - a potion of lignification
 E - a potion of berserk rage {unknown}
 H - 3 potions of haste
Miscellaneous
 M - 2 boxes of beasts
Comestibles
 f - 32 rations


   Skills:
 - Level 5.8 Fighting
 - Level 10.4 Throwing
 - Level 10.7 Dodging
 - Level 0.3 Stealth
 - Level 7.2 Shields
 - Level 17.4 Unarmed Combat
 * Level 0.7 Necromancy


You had 12 spell levels left.
You knew the following spells:

 Your Spells              Type           Power        Failure   Level  Hunger
a - Animate Skeleton      Necr           N/A          41%         1    ##.....

Your spell library contained the following spells:

 Spells                   Type           Power        Failure   Level  Hunger
 Pain                     Necr           #...         41%         1    ##.....
 Beastly Appendage        Tmut           #.....       52%         1    ##.....
 Magic Dart               Conj           #...         52%         1    ##.....
 Sandblast                Erth           #.....       52%         1    ##.....
 Shock                    Conj/Air       #...         52%         1    ##.....
 Blink                    Tloc           N/A          65%         2    ###....
 Call Imp                 Summ           #.......     65%         2    ###....
 Passwall                 Tmut/Erth      #.......     65%         2    ###....
 Searing Ray              Conj           #.....       65%         2    ###....
 Slow                     Hex            #.......     65%         2    ###....
 Sticks to Snakes         Tmut           #.......     65%         2    ###....
 Swiftness                Chrm/Air       #.......     65%         2    ###....
 Throw Frost              Conj/Ice       #.....       65%         2    ###....
 Vampiric Draining        Necr           #.........   80%         3    ####...
 Regeneration             Chrm/Necr      #.........   83%         3    ####...
 Conjure Flame            Conj/Fire      #.......     87%         3    ####...
 Dazzling Spray           Conj/Hex       #.....       87%         3    ####...
 Ignite Poison            Fire/Tmut/Pois #.......     87%         3    ####...
 Mephitic Cloud           Conj/Pois/Air  #.......     87%         3    ####...
 Ozocubu's Armour         Chrm/Ice       #.......     87%         3    ####...
 Spider Form              Tmut/Pois      #.........   87%         3    ####...
 Static Discharge         Conj/Air       #.......     87%         3    ####...
 Stone Arrow              Conj/Erth      #.....       87%         3    ####...
 Airstrike                Air            #.........   99%         4    #####..
 Animate Dead             Necr           N/A          99%         4    #####..
 Force Lance              Conj/Tloc      #.......     99%         4    #####..
 Fulminant Prism          Conj/Hex       #.........   99%         4    #####..
 Ice Form                 Ice/Tmut       #.......     99%         4    #####..
 Iskenderun's Mystic Bla  Conj           #.......     99%         4    #####..
 Petrify                  Tmut/Erth      #.......     99%         4    #####..
 Blade Hands              Tmut           #.........   100%        5    ######.
 Lee's Rapid Deconstruct  Erth           #.........   100%        5    ######.
 Lightning Bolt           Conj/Air       #.........   100%        5    ######.
 Metabolic Englaciation   Hex/Ice        #.........   100%        5    ######.
 Bolt of Cold             Conj/Ice       #.........   100%        6    #######
 Freezing Cloud           Conj/Ice/Air   #.........   100%        6    #######
 Ozocubu's Refrigeration  Ice            #.........   100%        6    #######
 Simulacrum               Ice/Necr       #.........   100%        6    #######


Dungeon Overview and Level Annotations

Branches:
Dungeon (12/15)            Temple (1/1) D:7            Lair (6/6) D:9
 Shoals (0/4) Lair:3       Spider (0/4) Lair:4        Slime (0/5) Lair:6
    Orc (2/2) D:10        Ossuary (visited)         Volcano (visited)
Gauntlet (visited)
    Elf: Orc:2

Altars:
Ashenzari
Cheibriados
Dithmenos
Elyvilon
Fedhas
Gozag
Hepliaklqana
Kikubaaqudgha
Makhleb
Nemelex Xobeh
Okawaru
Qazlal
Ru
Sif Muna
Trog
Uskayaw
Vehumet
Wu Jian
Xom
Yredelemnul
Zin
The Shining One

Shops:
D:10 (

Portals:
Hell: Lair:6

Annotations:
D:6 3 runed translucent doors, Goreval's ghost, novice DEFE
D:9 2 transporters


Innate Abilities, Weirdness & Mutations

You are too large for most types of armour.
You have claws for hands.
Your metabolism is lightning-fast.
You like to eat raw meat.
Your natural rate of healing is unusually fast.
You are covered in fur. (AC +1)
You have extremely tough skin. (AC +3)


Message History

The orc priest hits you but does no damage.
The orc warrior hits you with a +0 mace.
* * * LOW HITPOINT WARNING * * *
The orc sorcerer gestures at you while chanting.
The bolt of fire hits you. You resist.
* * * LOW HITPOINT WARNING * * *
Something hits you but does no damage. The orange demon stings you from afar.
* * * LOW HITPOINT WARNING * * *
The orc sorcerer's eyes start to glow.
The orc sorcerer hits you but does no damage.
The orc sorcerer hits you with a +0 dagger.
* * * LOW HITPOINT WARNING * * *
The orc priest hits you but does no damage.
The orc warrior hits you with a +0 mace!!
* * * LOW HITPOINT WARNING * * *
You hear some strange, mumbled words.
A magic dart appears from out of thin air!
The magic dart hits you!
You die...

#..........$..
###............
.#. #....[.)..#.
#... #..<[.....#
.....##)[[..)...
.....#..........
......4.........
......oo<.......
.....4o@†......$
.....o{o........
..######........
.. ##.......
#...... ......
.....© ....


You could see an orange demon, a chaos spawn, 2 orc sorcerers, an orc warrior,
an orc priest and an orc wizard.

Vanquished Creatures
  Nessos (Lair:4)
  A minotaur (Gauntlet)
  A dire elephant (Lair:6)
  Snorg (Lair:4)
  Josephine (Lair:4)
  Fannar (D:11)
  6 hydras
  Harold (D:10)
  3 two-headed ogres
  Erica (D:11)
  8 death yaks
  2 orc high priests (Orc:1)
  A sun demon (Lair:6)
  2 skeletal warriors (Volcano)
  A wizard (Lair:6)
  An anaconda skeleton (Volcano)
  A moth of wrath (Gauntlet)
  An orc sorcerer (Orc:1)
  An ugly thing (D:11)
  A manticore (Lair:5)
  A cyclops (D:11)
  15 elephants
  6 black mambas
  5 gargoyles (Volcano)
  2 torpor snails
  A smoke demon (Lair:6)
  10 spiny frogs
  2 orange demons (Lair:6)
  11 rime drakes
  3 komodo dragons
  2 ice devils (Lair:6)
  2 jumping spiders (Lair:4)
  2 red devils (Lair:6)
  4 trolls
  A hornet (D:4)
  Prince Ribbit (D:7)
  A polar bear (Lair:3)
  12 blink frogs
  3 harpy skeletons (Volcano)
  18 hippogriffs
  3 flying skulls (Volcano)
  3 shadows (Gauntlet)
  4 redbacks (Lair:4)
  49 yaks
  An alligator skeleton (Volcano)
  10 basilisks
  5 wyverns (Lair:5)
  4 wraiths
  3 wargs (Orc:1)
  13 water moccasins
  19 orc warriors
  8 porcupines
  4 hell hounds
  2 ice beasts (D:6)
  An eye of draining (D:11)
  2 phantoms (D:6)
  2 sky beasts
  A necrophage (D:11)
  8 ogres
  9 wolves
  4 centaurs
  10 crocodiles
  14 bullfrogs
  2 scorpions
  20 killer bees
  3 spriggan skeletons (Volcano)
  A troll skeleton (Volcano)
  2 howler monkeys
  3 electric eels
  3 crimson imps
  2 quasits (D:10)
  4 jellies (D:10)
  3 centaur skeletons
  14 orc priests
  A gnoll shaman (D:4)
  5 hounds
  14 orc wizards
  2 iguanas
  6 worker ants
  A killer bee zombie (D:6)
  A hound zombie (D:4)
  2 naga skeletons (Volcano)
  A hound skeleton (D:5)
  8 mummies (Ossuary)
  9 gnolls (D:4)
  9 adders
  5 shadow imps
  An ooze (D:5)
  2 worms
  2 adder skeletons
  4 dart slugs
  4 leopard geckos
  53 orcs
  11 bats
  6 giant cockroaches
  9 goblins
  10 hobgoblins
  11 jackals
  8 kobolds
  6 quokkas
  8 frilled lizards
  2 gnoll zombies (Ossuary)
  2 goblin zombies (D:4)
  A hobgoblin zombie (Ossuary)
  A jackal skeleton (D:6)
  A jackal zombie (D:5)
  4 kobold zombies (Ossuary)
  An orc zombie (Ossuary)
  8 rats
  2 bushes (Lair:6)
  A plant (Lair:3)
596 creatures vanquished.

Vanquished Creatures (collateral kills)
  A wyvern (Lair:5)
  An ogre (Orc:1)
  An orc (Orc:1)
3 creatures vanquished.

Vanquished Creatures (others)
  An orc (Orc:2)
  9 bushes (Lair:6)
  3 demonic plants (Gauntlet)
  3 fungi (Lair:6)
  2 plants (Lair:6)
18 creatures vanquished.

Grand Total: 617 creatures vanquished

Notes
Turn   | Place    | Note
-------+----------+-------------------------------------------
     0 | D:1      | Jabberih the Troll Hunter began the quest for the Orb.
     0 | D:1      | Reached XP level 1. HP: 19/19 MP: 0/0
    40 | D:1      | Reached skill level 1 in Unarmed Combat
   108 | D:1      | Reached XP level 2. HP: 18/27 MP: 1/1
   342 | D:1      | Reached skill level 2 in Unarmed Combat
   963 | D:2      | Reached XP level 3. HP: 31/33 MP: 2/2
  1170 | D:2      | Reached skill level 3 in Unarmed Combat
  1225 | D:2      | Found a shimmering altar of Xom.
  1417 | D:2      | Reached XP level 4. HP: 41/41 MP: 3/3
  1837 | D:3      | Reached skill level 4 in Unarmed Combat
  2168 | D:3      | Found a bloodstained altar of Trog.
  2226 | D:3      | Reached XP level 5. HP: 48/48 MP: 4/4
  2565 | D:3      | Reached skill level 5 in Unarmed Combat
  2818 | D:4      | Noticed a two-headed ogre
  2827 | D:4      | Killed a two-headed ogre
  2827 | D:4      | Reached skill level 8 in Unarmed Combat
  2827 | D:4      | Reached XP level 6. HP: 26/55 MP: 5/5
  2827 | D:4      | Reached XP level 7. HP: 30/62 MP: 6/6
  2861 | D:4      | Noticed a hornet
  2863 | D:4      | Paralysed by a hornet for 2 turns
  2865 | D:4      | Killed a hornet
  2865 | D:4      | Reached skill level 9 in Unarmed Combat
  2865 | D:4      | Reached XP level 8. HP: 45/70 MP: 7/7
  3115 | D:4      | Reached skill level 10 in Unarmed Combat
  3229 | D:4      | Found a sacrificial altar of Ru.
  3294 | D:4      | Found a sand-covered staircase.
  3302 | Ossuary  | Entered an ossuary
  3807 | D:5      | Entered Level 5 of the Dungeon
  4359 | D:5      | Reached skill level 11 in Unarmed Combat
  4469 | D:5      | Found a white marble altar of Elyvilon.
  4470 | D:5      | Found a shattered altar of Ashenzari.
  4700 | D:6      | Reached XP level 9. HP: 73/76 MP: 8/8
  4737 | D:6      | Found a bloodstained altar of Trog.
  4913 | D:6      | Found a basalt altar of Yredelemnul.
  5479 | D:6      | Found a runed translucent gate.
  5479 | D:6      | Found a runed translucent gate.
  5479 | D:6      | Found a runed translucent gate.
  5480 | D:6      | Found an opulent altar of Gozag.
  5480 | D:6      | Noticed a rakshasa
  5481 | D:6      | Noticed Goreval's ghost (novice DEFE)
  5504 | D:6      | Reached skill level 5 in Throwing
  5586 | D:7      | Noticed Prince Ribbit
  5984 | D:7      | Found a staircase to the Ecumenical Temple.
  6057 | Temple   | Entered the Ecumenical Temple
  6061 | Temple   | Reached skill level 12 in Unarmed Combat
  6136 | Temple   | Became a worshipper of Warmaster Okawaru
  6169 | D:7      | Killed Prince Ribbit
  6235 | D:7      | Reached XP level 10. HP: 78/85 MP: 9/9
  6322 | D:7      | Found a shadowy altar of Dithmenos.
  6355 | D:7      | You fall into a shaft and drop 2 floors!
  6386 | D:9      | Found a transporter.
  6400 | D:9      | Found a transporter.
  6422 | D:9      | Reached * piety under Okawaru
  6491 | D:9      | Found a hide-covered altar of Uskayaw.
  6557 | D:9      | Found a staircase to the Lair.
  6558 | D:9      | Noticed a death yak
  6593 | D:9      | Reached skill level 5 in Dodging
  7253 | D:9      | Found a radiant altar of Vehumet.
  7286 | D:10     | Entered Level 10 of the Dungeon
  7350 | D:10     | Found Loss's Antique Weapon Boutique.
  7513 | D:10     | Reached ** piety under Okawaru
  7974 | D:10     | Noticed Harold
  7989 | D:10     | Killed Harold
  7989 | D:10     | Reached *** piety under Okawaru
  8135 | D:10     | Reached XP level 11. HP: 89/92 MP: 10/10
  8222 | D:10     | Found a staircase to the Orcish Mines.
  8359 | D:11     | Reached skill level 13 in Unarmed Combat
  8645 | D:11     | Noticed a green ugly thing
  8653 | D:11     | Reached **** piety under Okawaru
  8673 | D:11     | Killed a green ugly thing
  8747 | D:11     | Received a gift from Okawaru
  8821 | D:11     | Noticed a two-headed ogre
  8834 | D:11     | Killed a two-headed ogre
  8834 | D:11     | Received a gift from Okawaru
  8855 | D:11     | Noticed Erica
  8866 | D:11     | Killed Erica
  9000 | D:11     | Found Ginuakk's Magic Scroll Shoppe.
  9042 | D:11     | Noticed Fannar
  9081 | D:11     | Killed Fannar
  9287 | D:11     | Noticed a two-headed ogre
  9292 | D:11     | Killed a two-headed ogre
  9292 | D:11     | Reached ***** piety under Okawaru
  9454 | Lair:1   | Entered Level 1 of the Lair of Beasts
  9472 | D:9      | HP: 4/91 [death yak (21)]
  9576 | D:9      | Killed a death yak
  9576 | D:9      | Received a gift from Okawaru
  9631 | Lair:1   | Reached skill level 1 in Shields
  9643 | D:9      | Reached skill level 14 in Unarmed Combat
  9643 | D:9      | Reached XP level 12. HP: 92/100 MP: 11/11
 10545 | Lair:2   | Received a gift from Okawaru
 11682 | Lair:3   | Noticed a five-headed hydra
 11693 | Lair:3   | HP: 5/100 [five-headed hydra (10)]
 11695 | Lair:3   | Found a staircase to the Shoals.
 11775 | Lair:3   | Killed a five-headed hydra
 11775 | Lair:3   | Reached skill level 10 in Throwing
 11922 | Lair:3   | Found a gate leading to a gauntlet.
 11931 | Gauntlet | Entered a Gauntlet
 11931 | Gauntlet | Found a transporter.
 11931 | Gauntlet | Found a runed translucent door.
 11931 | Gauntlet | Found a transporter.
 11931 | Gauntlet | Found a transporter.
 11931 | Gauntlet | Found a runed translucent door.
 11941 | Gauntlet | Found a transporter.
 11944 | Gauntlet | Found a transporter.
 11952 | Gauntlet | Found a transporter.
 11955 | Gauntlet | Found a transporter.
 11971 | Gauntlet | Found a transporter.
 11971 | Gauntlet | Noticed a death yak
 11971 | Gauntlet | Noticed a death yak
 11971 | Gauntlet | Noticed a death yak
 11972 | Gauntlet | Noticed a death yak
 11978 | Gauntlet | Noticed a death yak
 11979 | Gauntlet | Noticed a death yak
 11980 | Gauntlet | Noticed a death yak
 11981 | Gauntlet | Found a transporter.
 11998 | Gauntlet | Found a transporter.
 12001 | Gauntlet | Found a transporter.
 12012 | Gauntlet | Found a transporter.
 12149 | Gauntlet | Received a gift from Okawaru
 12200 | Gauntlet | Reached skill level 15 in Unarmed Combat
 12286 | Gauntlet | Killed a death yak
 12286 | Gauntlet | Received a gift from Okawaru
 12323 | Gauntlet | Killed a death yak
 12329 | Gauntlet | Killed a death yak
 12331 | Gauntlet | Killed a death yak
 12331 | Gauntlet | Reached XP level 13. HP: 49/106 MP: 4/12
 12339 | Gauntlet | Identified the Incunabulum of Freezing Shape Shifting
 12416 | Gauntlet | Noticed a minotaur
 12433 | Gauntlet | Killed a minotaur
 12732 | Lair:3   | Received a gift from Okawaru
 12997 | Lair:3   | Received a gift from Okawaru
 13491 | Lair:4   | Noticed Josephine
 13560 | Lair:4   | Killed Josephine
 13689 | Lair:4   | Reached skill level 5 in Shields
 13801 | Lair:4   | Noticed Snorg
 13809 | Lair:4   | Killed Snorg
 13915 | Lair:4   | Found a hole to the Spider Nest.
 14058 | Lair:4   | Reached skill level 16 in Unarmed Combat
 14107 | Lair:4   | Noticed Nessos
 14115 | Lair:4   | Killed Nessos
 15273 | Lair:5   | Reached XP level 14. HP: 86/122 MP: 11/13
 15429 | Lair:5   | Reached ****** piety under Okawaru
 15429 | Lair:5   | Received a gift from Okawaru
 15618 | Lair:5   | Reached skill level 10 in Dodging
 16200 | Lair:6   | Entered Level 6 of the Lair of Beasts
 16349 | Lair:6   | Received a gift from Okawaru
 16352 | Lair:6   | Got a slimy hat {god gift}
 16353 | Lair:6   | Identified the +1 hat "Moicamoc" {Str+3} (Okawaru gifted it
                  | to you on level 6 of the Lair of Beasts)
 16745 | Lair:6   | Found a burning altar of Makhleb.
 16775 | Lair:6   | Found a gateway to Hell.
 16995 | Lair:6   | Reached skill level 5 in Fighting
 17024 | Lair:6   | Reached skill level 17 in Unarmed Combat
 17379 | Lair:6   | Found a staircase to the Slime Pits.
 17927 | Lair:6   | Learned a level 1 spell: Animate Skeleton
 18164 | Orc:1    | Entered Level 1 of the Orcish Mines
 18229 | Orc:1    | Found a dark tunnel.
 18236 | Volcano  | Entered a volcano
 18310 | Volcano  | Received a gift from Okawaru
 19045 | Orc:1    | Found a radiant altar of Vehumet.
 19278 | Orc:2    | Entered Level 2 of the Orcish Mines
 19363 | Orc:2    | Paralysed by an orc sorcerer for 7 turns
 19370 | Orc:2    | HP: 1/128 [orc warrior/+0 mace (19)]
 19370 | Orc:2    | Killed from afar by an orc wizard

Levels and vault maps discovered:
D:1:      lightli_arrival_chessboard, layout_basic, minivault_11
D:2:      layout_basic, tgw_xom
D:3:      cheibrodos_greedy_goblins, layout_loops_corners,
          overflow_temple_1_default, first_ration, minmay_fractal_squares_5
D:4:      layout_basic, overflow_temple_1_default, enter_ossuary_4,
          grunt_ministairs_14
D:5:      layout_rooms, gammafunk_temple_overflow_pools
D:6:      layout_basic, kennysheep_little_box, ebering_ghost_gozag,
          trog_three_pillars_becter
D:7:      lemuel_upstairs_altar, layout_rooms, nicolae_dithmenos_shadow_blocks,
          minmay_temple_entry_mini_moons, uniq_prince_ribbit1
D:9:      gammafunk_steamed_eel, layout_basic, lemuel_coloured_pillars_altar,
          eat_drink_and_be_merry_uskayaw, david_lair_generic
D:10:     layout_loops_ring, david_orc_4, serial_shops, shop_coins, uniq_harold
D:11:     wad_pebble_path, layout_loops_ring, serial_shops, nicolae_shop_stone,
          grunt_ogre_cave, uniq_erica, uniq_fannar
D:12:     layout_basic
Temple:   dshaligram_water_room_temple
Lair:1:   layout_small_grid, beast_lair_carwin_8, serial_bayou_shore_b,
          serial_bayou_shore_a
Lair:2:   layout_hall_layers, grunt_megastairs_4
Lair:3:   layout_cave_pods, minmay_shoals_entry_centaurs, gauntlet_entry_generic
Lair:4:   layout_cave_pods, nicolae_spider_entry_tight_spaces, uniq_josephine,
          uniq_snorg, uniq_nessos
Lair:5:   layout_hall_layers, special_room [special_room_mythical_zoo],
          chequers_serial_rivers_room_a
Lair:6:   evil_forest, layout_small_grid, dpeg_slime_entry_corner,
          minmay_hedge_maze, chequers_serial_rivers_large_b,
          infiniplex_staircase_pool
Orc:1:    layout_caves, nicolae_volcano_entry_hallway, basic_altar,
          nicolae_orc_flooded_monolith
Orc:2:    st_orc_mages, layout_caves, basic_altar, gammafunk_ghost_smash,
          nicolae_orc_rockfall

Skill      XL: |  1  2  3  4  5  6  7  8  9 10 11 12 13 14 |
---------------+-------------------------------------------+-----
Unarmed Combat | 1 2 3 4 8 9 11 12 14 15 16 17 | 17.4
Throwing       | 4 6 7 9 10 | 10.4
Dodging        | 2 4 6 8 9 10 | 10.7
Shields        | 1 4 5 7 |  7.2
Fighting       | 3 5 |  5.8
Stealth        | |  0.3
Necromancy     | |  0.7

Action                   |  1- 3 |  4- 6 |  7- 9 | 10-12 | 13-15 || total
-------------------------+-------+-------+-------+-------+-------++-------
Melee: Unarmed           |   131 |    97 |   354 |   639 |   760 ||  1981
       Punch             |       |     2 |     4 |       |       ||     6
Throw: Dart              |       |     3 |       |       |       ||     3
       Large rock        |       |     2 |     5 |    18 |    62 ||    87
       Throwing net      |       |       |     3 |     3 |     2 ||     8
       Boomerang         |       |       |       |    40 |   141 ||   181
Invok: Heroism           |       |       |       |    17 |    24 ||    41
       Finesse           |       |       |       |     1 |       ||     1
 Abil: Evoke Flight      |       |       |       |       |     2 ||     2
Evoke: Wand              |       |       |    12 |    14 |     8 ||    34
       Box of beasts     |       |       |       |       |     1 ||     1
  Use: Scroll            |     2 |     4 |     2 |    20 |     7 ||    35
       Potion            |       |       |     3 |    11 |     6 ||    20
 Stab: Sleeping          |     1 |       |       |       |       ||     1
       Held in net/web   |       |       |     1 |     1 |       ||     2
       Confused          |       |       |       |       |     3 ||     3
  Eat: Chunk             |    19 |    12 |    32 |    55 |    65 ||   183
Armor: Robe              |    53 |    46 |   111 |    52 |       ||   262
       Troll leather arm |       |       |       |   112 |   171 ||   283
Dodge: Dodged            |    70 |    69 |   127 |   229 |   331 ||   826
Block: Shield            |       |       |    95 |   224 |   313 ||   632
